 Dungeon Crawl Stone Soup version 0.27.1-3-gb3d3a73c9e (webtiles) character file.

Game seed: 7794154494128239783

71 H0rd4k the Charlatan (level 4, -5/32 HPs)
             Began as a Human Artificer on Oct 19, 2021.
             Shot with a bolt by a kobold (8 damage)
             ... on level 4 of the Dungeon.
             The game lasted 00:02:27 (3531 turns).

H0rd4k the Charlatan (Human Artificer)              Turns: 3531, Time: 00:02:28

Health: -5/32      AC:  4    Str: 13    XL:     4   Next: 47%
Magic:  4/4        EV: 11    Int: 12    God:
Gold:   105        SH:  0    Dex: 13    Spells: 3/3 levels left

rFire    . . .     SeeInvis .   a - +4 short sword
rCold    . . .     Faith    .   (no shield)
rNeg     . . .     Spirit   .   b - +0 leather armour
rPois    .         Reflect  .   (no helmet)
rElec    .         Harm     .   (no cloak)
rCorr    .         Rampage  .   k - +0 pair of gloves {archery}
Will     .....                  (no boots)
Stlth    +.........             (no amulet)
HPRegen  0.10/turn              (no ring)
MPRegen  0.09/turn              (no ring)

@: no status effects
A: no striking features
a: no special abilities


You were on level 4 of the Dungeon.
You visited 1 branch of the dungeon, and saw 4 of its levels.

You collected 105 gold pieces.

Inventory:

Hand Weapons
 a - a +4 short sword (weapon)
Armour
 b - a +0 leather armour (worn)
 k - a +0 pair of gloves of archery (worn)
Wands
 c - a wand of flame (15) (quivered)
 d - a wand of charming (15)
 p - a wand of paralysis (4)
Scrolls
 i - 3 scrolls of teleportation {unknown}
 m - a scroll of amnesia {unknown}
 o - a scroll of fog {unknown}
Potions
 f - a potion of haste {unknown}
 g - a potion of degeneration {unknown}
 h - a potion of curing {unknown}
 j - a potion of might {unknown}
 l - a potion of lignification {unknown}
 n - a potion of flight {unknown}
Miscellaneous
 e - a piece from Xom's chessboard (15/15)


   Skills:
 + Level 1.6 Fighting
 + Level 0.9 Short Blades
 + Level 0.5 Maces & Flails
 + Level 2.6 Armour
 + Level 1.5 Dodging
 + Level 1.2 Stealth
 + Level 3.7 Evocations


You had 3 spell levels left.
You didn't know any spells.
Your spell library contained the following spells:

 Spells                   Type           Power      Damage    Failure   Level
 Corpse Rot               Necr/Air       N/A        N/A       54%         2
 Dispel Undead            Necr           0%         3d6       99%         4
 Death Channel            Necr           0%         N/A       100%        6


Dungeon Overview and Level Annotations

Branches:
Dungeon (4/15)             Temple (0/1) D:4

Altars:
Cheibriados
Dithmenos
Uskayaw


Message History

The orc hits you from afar with a +0 trident.
You closely miss the orc.
The orc is heavily wounded.
The orc throws a silver boomerang.
The silver boomerang barely misses you. The orc hits you with a +0 whip.
The orc hits you but does no damage.
You hit the orc but do no damage.
The orc is heavily wounded.
The orc hits you but does no damage. The orc misses you.
You hit the orc but do no damage.
The orc is heavily wounded.
The orc throws a silver boomerang.
The silver boomerang hits you. The orc barely misses you.
The orc hits you from afar with a +0 trident.
The orc throws a silver boomerang.
The silver boomerang barely misses you. The orc hits you with a +0 whip.
The orc throws a silver boomerang.
The silver boomerang closely misses you.
The orc throws a silver boomerang.
The silver boomerang closely misses you.
There is an open door here.
There is an escape hatch in the floor here.
You slide downwards.
The hatch slams shut behind you.
Found 12 gold pieces and 19 arrows.
A kobold comes into view. It is wielding a +0 short sword.
A kobold is nearby!
A kobold is nearby!
A phantom comes into view.
The kobold shouts!
You hear an angry hiss.
The kobold unwields a +0 short sword.
The kobold wields a +0 hand crossbow of flaming.
It bursts into flame!
The kobold shoots a bolt.
The bolt hits you!
* * * LOW HITPOINT WARNING * * *
The bolt burns you.
* * * LOW HITPOINT WARNING * * *
Found a staircase to the Ecumenical Temple.
Found a scroll labelled XUZAME XUILIBRUF.
Okay, then.
An adder comes into view.
The kobold shoots a bolt.
The bolt hits you!
You die...

#......... ..
####$.##....# ..#
#........##.#..
#..##.......##.#
#.K..#..##....#.
#.##.#.....# ..
#.......##.#.#
#...#.##......#
#...#?...@.##....
..#....##......# .
##...##....##.#....
#.#....##.. .# ##.
#...#.....# S.
#.#.##..# #. ... ..
###. ##


You could see a kobold.

Vanquished Creatures
  An adder (D:2)
  3 dart slugs (D:1)
  An orc (D:3)
  4 bats
  4 endoplasms
  2 giant cockroaches (D:1)
  2 goblins
  4 hobgoblins
  7 jackals
  8 kobolds
  5 quokkas
  2 ball pythons (D:1)
  A frilled lizard (D:2)
  A rat (D:2)
45 creatures vanquished.

Vanquished Creatures (others)
  A hobgoblin (D:1)
1 creature vanquished.

Grand Total: 46 creatures vanquished

Notes
Turn   | Place    | Note
-------+----------+-------------------------------------------
     0 | D:1      | H0rd4k the Human Artificer began the quest for the Orb.
     0 | D:1      | Reached XP level 1. HP: 15/15 MP: 1/1
   127 | D:1      | Reached XP level 2. HP: 3/21 MP: 2/2
  1158 | D:1      | Reached XP level 3. HP: 18/26 MP: 3/3
  2157 | D:2      | Reached XP level 4. HP: 32/32 MP: 4/4
  2487 | D:2      | Found a faded altar of an unknown god.
  3092 | D:3      | Found a shadowy altar of Dithmenos.
  3304 | D:3      | Found a hide-covered altar of Uskayaw.
  3430 | D:3      | Found a snail-covered altar of Cheibriados.
  3523 | D:4      | Noticed a phantom
  3524 | D:4      | Found a staircase to the Ecumenical Temple.
  3531 | D:4      | Shot with a bolt by a kobold

Illustrated notes

Levels and vault maps discovered:
D:1:      elethiomel_arrival_shortcut, layout_loops_ring, st_stairs_14
D:2:      layout_basic, hellmonk_ecumenical_altar_run_dry
D:3:      layout_basic, mainiacjoe_overflow_chevrons,
          mainiacjoe_overflow_catch_the_wave
D:4:      layout_basic, minmay_temple_entry_ruins, st_stairs_4,
          uniq_blork_the_orc

Action                   |  1- 3 |  4- 6 || total
-------------------------+-------+-------++-------
Melee: Club              |    40 |       ||    40
       Dagger            |    15 |       ||    15
       Short sword       |    40 |    58 ||    98
 Stab: Distracted        |     1 |       ||     1
Armor: Leather armour    |    21 |    15 ||    36
Dodge: Dodged            |    52 |    46 ||    98
